 Dungeon Crawl Stone Soup version 0.19-a0-687-g35db334 (webtiles) character file.

35067 zinstreak the Cleaver (level 14, -6/102 (103) HPs)
             Began as a Human Monk on June 19, 2016.
             Was an Elder of Zin.
             Mangled by an orc warrior
             ... wielding a +0 vampiric halberd
             ... led by an orc knight
              (34 damage)
             ... on level 1 of the Orcish Mines.
             The game lasted 00:41:37 (30829 turns).

zinstreak the Cleaver (Human Monk)                 Turns: 30829, Time: 00:41:38

HP:   -6/102 (103)  AC: 10    Str: 18    XL:     14   Next: 16%
MP:   22/22         EV: 16    Int: 18    God:    Zin [****..]
Gold: 664           SH: 14    Dex: 23    Spells: 1 memorised, 12 levels left

rFire  . . .     SeeInvis .     a - +3 hand axe (distort)
rCold  . . .     Gourm    .     Q - +1 ring mail of the Barracuda {MR+ Int+2} (curse)
rNeg   . . .     Faith    .     l - +0 shield
rPois  ∞         Spirit   .     I - +0 hat
rElec  .         Dismiss  .     j - +2 cloak
rCorr  +         Reflect  +     O - +0 pair of gloves "Dusmoy" {MR+ rCorr Slay+2}
SustAt .         Harm     .     (no boots)
MR     ++++.                    g - +4 amulet of reflection
Stlth  ++........               N - +2 ring of strength
                                s - ring of protection from magic

@: vitalised, short of breath, drained, incredibly resistant to hostile
enchantments, unstealthy
A: blurry vision 1
a: Recite, Vitalisation, Imprison, Donate Gold, Renounce Religion


You were on level 1 of the Orcish Mines.
You worshipped Zin.
Zin was greatly pleased with you.
You were not hungry.

You visited 3 branches of the dungeon, and saw 19 of its levels.
You also visited: Bailey.

You collected 1417 gold pieces.
You spent 612 gold pieces at shops.
You donated 141 gold pieces to Zin.

Inventory:

Hand Weapons
 a - a +3 hand axe of distortion (weapon)
 h - the +2 morningstar "Bumir" {crush, Str+5}
   (You found it on level 3 of the Lair of Beasts)

   It inflicts extra damage upon your enemies.
   It affects your strength (+5).
 k - a +0 mace
 n - a +2 whip of electrocution
 y - a +0 battleaxe
Missiles
 w - 8 javelins of returning (quivered)
Armour
 j - a +2 cloak (worn)
 l - a +0 shield (worn)
 B - a mottled dragon hide
 G - a +1 chain mail of cold resistance
 I - a +0 hat (worn)
 O - the +0 pair of gloves "Dusmoy" (worn) {MR+ rCorr Slay+2}
   (You found it on level 12 of the Dungeon)

   It affects your accuracy and damage with ranged weapons and melee attacks
   (+2).
   It affects your resistance to hostile enchantments.
   It protects you from acid and corrosion.
 P - a +1 ring mail of poison resistance
 Q - the cursed +1 ring mail of the Barracuda (worn) {MR+ Int+2}
   (You bought it in a shop on level 2 of the Orcish Mines)

   It affects your intelligence (+2).
   It affects your resistance to hostile enchantments.
   It has a curse placed upon it.
Jewellery
 g - a +4 amulet of reflection (around neck)
 s - a ring of protection from magic (left hand)
 F - an uncursed ring of teleportation
 K - an uncursed ring of wizardry
 N - a +2 ring of strength (right hand)
Wands
 b - a wand of enslavement (0/24)
 p - a wand of flame (0/48)
 x - a wand of digging (10/24)
 J - a wand of confusion (0/48)
 M - a wand of slowing (11/48)
 R - a wand of paralysis (8/24)
Scrolls
 i - a scroll of fear
 m - 5 scrolls of amnesia
 o - 2 scrolls of fog
 q - 2 scrolls of enchant weapon
 r - a scroll of teleportation
 u - 7 scrolls of remove curse
 L - 2 scrolls of magic mapping
Potions
 d - 2 potions of flight
 e - 7 potions of curing
 A - a potion of cancellation
 E - a potion of magic
 H - 3 potions of brilliance
Comestibles
 c - 5 bread rations
 f - 8 meat rations
 v - 3 beef jerkies
 C - 10 fruits


   Skills:
 + Level 7.6(6.9) Fighting
 - Level 14.0(13.3) Axes
 - Level 4.2(9.4) Maces & Flails
 * Level 10.0(9.2) Dodging
 - Level 2.0(1.4) Stealth
 - Level 4.3(3.7) Shields
 + Level 11.5(10.7) Invocations
 - Level 8.0(7.2) Evocations


You had 12 spell levels left.
You knew the following spells:

 Your Spells              Type           Power        Failure   Level  Hunger
a - Corona                Hex            #......      98%         1    ##.....


Dungeon Overview and Level Annotations

Branches:
Dungeon (12/15)            Temple (0/1) D:7            Lair (5/6) D:9
  Swamp (0/4) Lair:4        Snake (0/4) Lair:3          Orc (2/2) D:12
    Elf (0/3) Orc:2
  Slime: Lair:5-6

Altars:
Ashenzari
Cheibriados
Elyvilon
Gozag
Kikubaaqudgha
Nemelex Xobeh
Okawaru
Pakellas
Qazlal
Sif Muna
Trog
Uskayaw
Vehumet
Yredelemnul
Zin

Shops:
D:6 }   D:7 ?   Orc:1 %   Orc:2 ([*=

Annotations:
D:1 exclusion: 2 downstairs
D:4 exclusion: 2 downstairs
D:5 Pikel; Typerbomb's ghost, novice HuFi
D:6 exclusion: downstairs
D:7 exclusion: downstairs
D:8 exclusion: 2 oklob plants, Erica; Prince Ribbit
D:9 exclusion: upstairs
D:10 exclusion: downstairs
D:11 exclusion: 2 downstairs
Lair:1 exclusion: downstairs
Lair:3 exclusions: downstairs and hydra
Lair:4 exclusions: door, downstairs and upstairs
Orc:1 exclusion: downstairs
Abyss:1 Psyche


Innate Abilities, Weirdness & Mutations

Scrolls take you a little longer to read.


Message History

You hit the warg.
Space warps horribly around the warg!
The warg is heavily wounded.
You slash the warg!
The warg is severely wounded.
The warg disappears!
You block the orc's attack. You block the orc warrior's attack.
You closely miss the orc. You block the orc's attack.
You catch the helpless orc completely off-guard!
You hit the orc.
Space warps horribly around the orc!
You kill the orc!
The orc warrior closely misses you.
The orc priest invokes the aid of Beogh against you.
Beogh smites you!
* * * LOW HITPOINT WARNING * * *
The orc warrior completely misses you.
Things that are here:
an enchanted falchion; a leather armour; an orc corpse You are too injured to fight recklessly!
The orc warrior hits you from afar with a vampiric halberd!!
You die...

......#.#...o..o.#............# #
...#...#....oo.#.##...#.....#.###
...##.###..#.#.#####.##........##
...#### #.ooo### ###.....##.###
....# ##.#o## ##...##### .#.##
####o## ##### #### ##o## ##)##
##@## ##.## ##.# ##.# ##


You could see 3 orc warriors, an orc priest, an orc wizard and an orc
(paralysed).

Vanquished Creatures
  Harold (Lair:2)
  A death knight (D:11)
  An orc high priest (Orc:2)
  An unseen horror (D:12)
  6 orc sorcerers
  5 elephants
  2 ugly things
  A black mamba (Lair:4)
  A spiny frog (Lair:4)
  5 centaur skeletons
  A gargoyle (D:11)
  4 komodo dragons
  A two-headed ogre (Orc:1)
  7 trolls
  6 water moccasins
  2 slime creatures (D:12)
  A shadow (D:12)
  Sigmund (D:2)
  3 wraiths
  A wyvern (D:8)
  16 yaks
  2 hungry ghosts
  7 hippogriffs
  5 vampire mosquitoes
  A warg (Orc:2)
  Menkaure (D:5)
  2 mottled dragons (D:11)
  2 soldier ants (D:8)
  4 nagas (Lair:3)
  4 porcupines
  2 slaves
  A sky beast (D:12)
  A black bear (D:9)
  26 orc warriors
  An eye of draining (D:10)
  3 ice beasts
  3 necrophages
  2 wasps (D:8)
  9 wolves
  9 ogres
  3 centaurs
  5 crocodiles
  A big kobold (D:12)
  15 giant frogs
  5 scorpions
  A water moccasin skeleton (D:6)
  12 killer bees
  5 howler monkeys
  3 wights (D:9)
  3 electric eels
  6 crimson imps
  A giant frog zombie (D:5)
  6 jellies
  9 orc priests
  2 giant frog skeletons
  5 hounds
  2 human zombies (D:9)
  4 iguanas
  Ijyb (D:2)
  14 orc wizards
  5 worker ants
  15 sheep
  A hound zombie (D:6)
  2 hound skeletons
  2 mummies (D:9)
  A worker ant zombie (D:10)
  17 adders
  22 river rats
  2 shadow imps
  4 oozes
  2 adder skeletons
  An adder zombie (D:8)
  2 worms
  A dart slug (D:2)
  7 giant geckos
  65 orcs
  5 giant cockroaches
  5 hobgoblins
  11 jackals
  23 kobolds
  3 quokkas (D:8)
  A ball python (D:1)
  11 bats
  A giant gecko zombie (D:6)
  6 giant newts
  10 goblins
  2 quokka zombies
  8 rats
  5 fungi
495 creatures vanquished.

Vanquished Creatures (collateral kills)
  An orc warrior (D:10)
  2 killer bees (D:7)
  An orc wizard (D:10)
  A hound (D:10)
5 creatures vanquished.

Vanquished Creatures (others)
  A centaur warrior (D:10)
  2 orc knights (Orc:1)
  A deep elf archer (D:10)
  An orc sorcerer (Orc:2)
  2 elephants (Lair:4)
  A spiny frog (Lair:1)
  A komodo dragon (Lair:3)
  A slime creature (D:12)
  A shadow (D:11)
  6 yaks
  A hippogriff (D:11)
  A hungry ghost (D:10)
  A warg (Orc:2)
  2 vampire mosquitoes
  5 orc warriors
  A sky beast (D:4)
  2 black bears
  A phantom (D:11)
  4 killer bees
  2 centaurs
  2 ogres
  A crocodile (Lair:2)
  2 scorpions
  A wight (D:9)
  2 crimson imps
  A centaur zombie (D:10)
  A human zombie (D:9)
  A centaur skeleton (D:5)
  A jelly (D:9)
  An orc priest (D:9)
  An iguana (D:7)
  A human skeleton (D:9)
  2 sheep (Lair:4)
  2 river rats (Lair:3)
  An ooze (D:4)
  8 orcs
  A hobgoblin (D:8)
  A quokka skeleton (D:7)
  13 fungi
  2 plants (Lair:3)
82 creatures vanquished.

Grand Total: 582 creatures vanquished

Notes
Turn   | Place    | Note
--------------------------------------------------------------
     0 | D:1      | zinstreak the Human Monk began the quest for the Orb.
     0 | D:1      | Reached XP level 1. HP: 18/18 MP: 1/1
    40 | D:1      | Found a sparkling altar of Nemelex Xobeh.
   334 | D:1      | Reached XP level 2. HP: 24/24 MP: 2/2
  1057 | D:1      | Reached XP level 3. HP: 27/29 MP: 3/3
  1197 | D:2      | Noticed Ijyb
  1260 | D:2      | Noticed Sigmund
  1492 | D:2      | Reached skill level 1 in Axes
  1748 | D:2      | Reached XP level 4. HP: 35/35 MP: 4/4
  1916 | D:2      | Noticed an ogre
  1918 | D:2      | Reached skill level 2 in Axes
  1943 | D:2      | Killed Ijyb
  2036 | D:3      | Reached skill level 3 in Axes
  2036 | D:3      | Reached XP level 5. HP: 37/41 MP: 5/5
  2439 | D:3      | Found an ancient bone altar of Kikubaaqudgha.
  2662 | D:3      | Reached skill level 4 in Axes
  2958 | D:3      | Reached XP level 6. HP: 47/47 MP: 6/6
  3095 | D:2      | Killed an ogre
  3095 | D:2      | Reached skill level 5 in Axes
  3379 | D:2      | Killed Sigmund
  3379 | D:2      | Reached skill level 6 in Axes
  3379 | D:2      | Reached XP level 7. HP: 52/52 MP: 7/7
  3986 | D:4      | Found an opulent altar of Gozag.
  4152 | D:4      | Reached skill level 7 in Axes
  4599 | D:5      | Entered Level 5 of the Dungeon
  4604 | D:5      | Found a glowing silver altar of Zin.
  4608 | D:5      | Noticed Typerbomb's ghost (novice HuFi)
  4843 | D:5      | Noticed Pikel
  4847 | D:5      | Found a stormy altar of Qazlal.
  4866 | D:5      | Reached XP level 8. HP: 58/58 MP: 8/8
  5032 | D:5      | Became a worshipper of Zin the Law-Giver
  5032 | D:5      | Reached * piety under Zin
  5032 | D:5      | Reached ** piety under Zin
  5032 | D:5      | Reached *** piety under Zin
  5498 | D:6      | Reached skill level 8 in Axes
  5498 | D:6      | Reached skill level 1 in Invocations
  6425 | D:5      | Noticed Prince Ribbit
  6999 | D:5      | Noticed Menkaure
  7008 | D:5      | Killed Menkaure
  7405 | D:6      | Reached skill level 9 in Axes
  7540 | D:6      | Reached XP level 9. HP: 63/63 MP: 11/11
  7866 | D:6      | Reached **** piety under Zin
  8006 | D:6      | Found Xopu's Gadget Shop.
  8011 | D:6      | Bought a wand of enslavement (14/24) for 176 gold pieces
  8487 | D:6      | Reached skill level 10 in Axes
  8964 | D:7      | Reached skill level 5 in Invocations
  9047 | D:7      | Found a white marble altar of Elyvilon.
  9048 | D:7      | Found a hide-covered altar of Uskayaw.
  9061 | D:7      | Found an oddly glowing altar of Pakellas.
  9191 | D:7      | Found a staircase to the Ecumenical Temple.
  9305 | D:7      | Found Ickeit's Magic Scroll Boutique.
  9318 | D:7      | Bought a scroll of teleportation for 45 gold pieces
  9318 | D:7      | Bought a scroll of blinking for 112 gold pieces
  9578 | D:8      | Noticed an oklob plant
  9752 | D:8      | Found a flagged portal.
  9760 | Bailey   | Entered a bailey
  9765 | Bailey   | Noticed an orc warlord
  9849 | Bailey   | Noticed Spurious's ghost (novice TrBe)
  9901 | D:8      | Found a snail-covered altar of Cheibriados.
  9936 | D:8      | Found a deep blue altar of Sif Muna.
 10045 | D:8      | Found an iron altar of Okawaru.
 10155 | D:8      | Reached ***** piety under Zin
 10288 | D:8      | Reached skill level 11 in Axes
 10370 | D:8      | Noticed an oklob plant
 10570 | D:8      | Reached XP level 10. HP: 64/70 MP: 11/14
 10876 | D:8      | Noticed Erica
 11042 | D:9      | Found a radiant altar of Vehumet.
 11065 | D:9      | Found a bloodstained altar of Trog.
 11146 | D:9      | Found a staircase to the Lair.
 11147 | D:9      | Noticed an elephant
 11171 | D:9      | Killed an elephant
 11364 | D:9      | Reached skill level 12 in Axes
 11535 | D:9      | Noticed Psyche
 11687 | D:9      | Found a basalt altar of Yredelemnul.
 12049 | D:9      | Banished Psyche
 12420 | D:10     | Entered Level 10 of the Dungeon
 12784 | D:10     | Reached XP level 11. HP: 39/75 MP: 17/17
 13208 | D:10     | Reached skill level 13 in Axes
 14033 | D:10     | Noticed a centaur warrior
 14100 | D:10     | Noticed a deep elf archer
 14137 | D:10     | Banished a deep elf archer
 15567 | D:10     | Banished a centaur warrior
 15601 | D:11     | Noticed a death knight
 15704 | Lair:1   | Entered Level 1 of the Lair of Beasts
 15841 | D:8      | Found a shattered altar of Ashenzari.
 15877 | D:8      | Reached skill level 14 in Axes
 16803 | Lair:1   | Reached skill level 1 in Shields
 17973 | Lair:1   | Reached skill level 10 in Invocations
 18521 | Lair:2   | Noticed Harold
 18565 | Lair:2   | Killed Harold
 18565 | Lair:2   | Reached XP level 12. HP: 62/81 MP: 19/19
 19015 | Lair:3   | Found a staircase to the Snake Pit.
 19036 | Lair:3   | Reached skill level 5 in Dodging
 19067 | Lair:3   | Noticed a five-headed hydra
 19616 | Lair:3   | Got a translucent morningstar
 19617 | Lair:3   | Identified the +2 morningstar "Bumir" {crush, Str+5} (You found it on level 3 of the Lair of Beasts)
 19818 | Lair:3   | Noticed a six-headed hydra
 20235 | Lair:4   | Found a staircase to the Swamp.
 21508 | Lair:4   | Reached skill level 5 in Fighting
 22058 | D:11     | Paralysed by a centaur for 4 turns
 22130 | D:11     | Reached XP level 13. HP: 46/92 MP: 21/21
 24254 | D:11     | Reached skill level 1 in Evocations
 24423 | D:11     | Found a deep blue altar of Sif Muna.
 24462 | D:11     | Identified Sif Muna's Papyrus of Beguiling (You found it on level 11 of the Dungeon)
 24472 | D:11     | Learned a level 1 spell: Corona
 25779 | D:12     | Reached skill level 5 in Evocations
 25899 | D:12     | Found a staircase to the Orcish Mines.
 25980 | D:12     | Got a pair of dazzling gloves
 25995 | D:12     | Identified the +0 pair of gloves "Dusmoy" {MR+ rCorr Slay+2} (You found it on level 12 of the Dungeon)
 26798 | Orc:1    | Entered Level 1 of the Orcish Mines
 27173 | Orc:1    | Found Esujiwy's Food Shop.
 27729 | Orc:2    | Entered Level 2 of the Orcish Mines
 27738 | Orc:2    | Found Meefed's Antique Armour Emporium.
 27899 | Orc:2    | Found a staircase to the Elven Halls.
 27903 | Orc:2    | Noticed an orc warlord
 27903 | Orc:2    | Found Huegodgh's Jewellery Shop.
 29242 | Orc:2    | Found Saim's Antique Weapon Emporium.
 29349 | Orc:2    | Bought a smelly ring mail for 279 gold pieces
 29452 | Orc:1    | Identified the cursed +1 ring mail of the Barracuda {MR+ Int+2} (You bought it in a shop on level 2 of the Orcish Mines)
 29547 | Orc:1    | Reached XP level 14. HP: 100/102 MP: 22/22
 29731 | Orc:2    | Gained mutation: Scrolls take you a little longer to read. [a neqoxec]
 30283 | Orc:2    | Noticed an orc warlord
 30594 | Orc:2    | Found Piablum's General Store.
 30691 | Orc:2    | Noticed a stone giant
 30822 | Orc:1    | Reached skill level 10 in Dodging
 30829 | Orc:1    | Mangled by an orc warrior

Vault maps used:
D:1:      lightli_arrival_chessboard, nemelex_xobeh_ov_fountains_minmay
D:2:      uniq_sigmund, uniq_iyjb
D:3:      kiku_gazebo_pond_becter, st_stairs_12, minmay_large_rounded_square
D:4:      nicolae_gozag_seed_capital, first_bread
D:5:      nicolae_qazlal_general_emergency, old_standard_altar, uniq_menkaure,
          uniq_pikel, uniq_prince_ribbit1
D:6:      serial_shops, nicolae_shop_crystal
D:7:      grunt_pakellas_mercury, gammafunk_temple_overflow_statue,
          temple_green, serial_shops, nicolae_shop_trees
D:8:      corexii_shack_village, nicolae_overflow_crystal_walls,
          kennysheep_mini_moat, cheibriados_altar_1,
          kennysheep_okawaru_gauntlet, enter_bailey_2,
          hangedman_pestilent_swarm, disabler_island, uniq_erica
D:9:      overflow_temple_1_default, lemuel_mausoleum_altar_yredelemnul,
          fiery_altar_vehumet, david_lair_generic, uniq_psyche
D:10:     minmay_three_doors
D:11:     led_sif_book
D:12:     orc_0_dummy
Lair:2:   uniq_harold
Lair:3:   statuecave_lemuel, minmay_snake_entry_guardpost_large,
          serial_bayou_shore_b, serial_bayou_shore_b, grunt_megastairs_3
Lair:4:   minmay_swamp_entry_swarm, kb_xom_exploding_sheep, lemuel_fruit_fields,
          grunt_megastairs_1
Lair:5:   slime_altar_1, tgw_fedhas
Orc:1:    serial_shops, nicolae_shop_trees
Orc:2:    grunt_orc_gardens, grunt_orc_garden, grunt_orc_garden,
          grunt_orc_garden, grunt_orc_garden, serial_shops,
          nicolae_shop_behind_doors, nicolae_orc_stony_grotto
Bailey:   bailey_axe_bossmonster_kennysheep, bailey

Skill      XL: |  1  2  3  4  5  6  7  8  9 10 11 12 13 14 |
---------------+-------------------------------------------+-----
Maces & Flails | 4 |  4.2
Axes           | 1 3 4 6 7 9 11 12 14 | 14.0
Invocations    | 3 6 8 10 11 | 11.5
Shields        | 3 4 |  4.3
Dodging        | 4 7 9 10 | 10.0
Fighting       | 5 7 |  7.6
Evocations     | 8 |  8.0
Stealth        | |  2.0

Action                   |  1- 3 |  4- 6 |  7- 9 | 10-12 | 13-15 || total
-------------------------+-------+-------+-------+-------+-------++-------
Melee: Mace              |    58 |       |       |       |       ||    58
       Hand axe          |    23 |    82 |   367 |   826 |   640 ||  1938
Throw: Throwing net      |       |     2 |     1 |     2 |     1 ||     6
Invok: Recite            |       |       |    11 |    18 |    45 ||    74
       Vitalisation      |       |       |     6 |    19 |    16 ||    41
       Imprison          |       |       |       |     1 |     3 ||     4
Evoke: Wand              |       |       |     4 |    28 |    40 ||    72
  Use: Scroll            |     1 |     4 |    15 |    10 |     6 ||    36
       Potion            |       |       |     5 |     8 |     1 ||    14
 Stab: Sleeping          |     3 |     5 |    11 |     8 |     2 ||    29
       Distracted        |       |     1 |     2 |     2 |       ||     5
       Held in net/web   |       |     1 |       |     2 |       ||     3
       Confused          |       |       |     2 |     3 |     6 ||    11
       Invisible         |       |       |     1 |     3 |    11 ||    15
       Paralysed         |       |       |       |     4 |    27 ||    31
  Eat: Chunk             |     3 |     5 |     3 |    17 |     2 ||    30
       Meat ration       |       |       |     1 |     1 |     1 ||     3
       Bread ration      |       |       |     3 |     1 |     1 ||     5
       Beef jerky        |       |       |     1 |       |     5 ||     6
       Pizza             |       |       |     1 |       |     2 ||     3
       Royal jelly       |       |       |       |     8 |     2 ||    10
Armor: Robe              |    18 |     1 |       |       |       ||    19
       Leather armour    |       |    20 |    77 |    88 |       ||   185
       Ring mail         |       |       |       |    59 |    82 ||   141
Dodge: Dodged            |    70 |    42 |   125 |   239 |   178 ||   654
Block: Shield            |       |    13 |   105 |   319 |   309 ||   746
       Reflection        |       |       |       |     6 |    21 ||    27
